 Dungeon Crawl Stone Soup version 0.27-a0-1200-g94dc6ad4cf (webtiles) character file.

Game seed: 3732370263489913893

588 Analysis the Spear-Bearer (level 7, 0/58 HPs)
             Began as a Merfolk Gladiator on May 30, 2021.
             Blown up by an orc (9 damage)
             ... with a mindburst bolt
             ... on level 4 of the Dungeon.
             The game lasted 00:35:53 (5054 turns).

Analysis the Spear-Bearer (Merfolk Gladiator)       Turns: 5054, Time: 00:35:54

Health: 0/58       AC: 10    Str: 14    XL:     7   Next: 38%
Magic:  7/7        EV: 13    Int:  8    God:
Gold:   190        SH:  0    Dex: 23    Spells: 6/6 levels left

rFire    . . .     SeeInvis .   a - +1 trident
rCold    . . .     Faith    .   (no shield)
rNeg     . . .     Spirit   .   f - +0 ring mail
rPois    .         Reflect  .   c - +0 helmet
rElec    .         Harm     .   (no cloak)
rCorr    .         Rampage  .   (no gloves)
Will     .....                  (no boots)
Stlth    +.........             (no amulet)
HPRegen  0.19/turn              o - +6 ring of dexterity
MPRegen  0.10/turn              v - +4 ring of protection

@: no status effects
A: (nimble swimmer 2), mertail
a: no special abilities


You were on level 4 of the Dungeon.
You visited 1 branch of the dungeon, and saw 5 of its levels.

You collected 190 gold pieces.

Inventory:

Hand Weapons
 a - a +1 trident (weapon)
Missiles
 d - 2 throwing nets (quivered)
Armour
 c - a +0 helmet (worn)
 f - a +0 ring mail (worn)
Jewellery
 o - a +6 ring of dexterity (left hand)
 v - a +4 ring of protection (right hand)
 z - a ring of resist corrosion
Wands
 h - a wand of digging (4)
 k - a wand of flame (8)
Scrolls
 g - 2 scrolls of magic mapping
 s - a scroll of amnesia {unknown}
 x - a scroll of immolation {unknown}
 y - a scroll of enchant armour {unknown}
Potions
 b - 2 potions of brilliance
 i - a potion of invisibility {unknown}
 j - 3 potions of magic
 l - a potion of flight {unknown}
 m - a potion of haste
 n - 2 potions of resistance {unknown}
 p - 2 potions of mutation
 t - a potion of curing {unknown}
 u - a potion of lignification {unknown}


   Skills:
 + Level 6.2 Fighting
 * Level 9.1 Polearms
 - Level 2.0 Throwing
 - Level 4.0 Dodging


You had 6 spell levels left.
You didn't know any spells.
Your spell library contained the following spells:

 Spells                   Type           Power      Damage    Failure   Level
 Magic Dart               Conj           0%         1d3       65%         1
 Blink                    Tloc           N/A        N/A       80%         2
 Call Imp                 Summ           0%         N/A       80%         2
 Slow                     Hex            0%         N/A       80%         2
 Conjure Flame            Conj/Fire      0%         6-21      95%         3
 Mephitic Cloud           Conj/Pois/Air  0%         N/A       95%         3


Dungeon Overview and Level Annotations

Branches:
Dungeon (5/15)             Temple (0/1) D:5

Altars:
Sif Muna

Annotations:
D:4 Pikel


Innate Abilities, Weirdness & Mutations

((You are quick and stealthy near water. (Stealth+, EV+, Speed+++)))
Your lower body shifts to a powerful aquatic tail in water.


Message History

The orc barely misses you.
The black bear goes berserk!
Reach: a) +1 trident
Press: ? - help, Dir - move target, f/p - black bear
Aim: a black bear (severely wounded, berserk, about 25% to evade your +1 trident)
The killer bee buzzes angrily.
You hit the black bear.
The black bear is severely wounded.
You hear an angry buzzing noise.
The black bear closely misses you. The black bear claws you.
The black bear barely misses you. The orc hits you with a +0 whip.
The black bear bites you. The black bear completely misses you.
The black bear claws you. The orc barely misses you. x2
The orc hits you with a +0 whip. The black bear barely misses you.
The black bear misses you. The black bear claws you.
You climb upwards.
Level annotation: Pikel
There is a stone staircase leading down here.
You barely miss the black bear.
The black bear is severely wounded.
The orc completely misses you. The orc hits you but does no damage.
The black bear bites you but does no damage.
The black bear barely misses you. The black bear claws you.
* * * LOW HITPOINT WARNING * * *
The orc barely misses you.
You barely miss the black bear.
The black bear is severely wounded.
The black bear closely misses you. The black bear barely misses you.
The black bear claws you.
* * * LOW HITPOINT WARNING * * *
The orc barely misses you. x2; The orc closely misses you.
Unknown command.
You hit the black bear.
The black bear is almost dead.
The black bear barely misses you. The black bear closely misses you.
The black bear claws you but does no damage.
The orc misses you. The black bear barely misses you. The black bear claws you.
* * * LOW HITPOINT WARNING * * *
The black bear claws you but does no damage.
The orc zaps a wand.
Your mind is blasted!
You die...

..........<###..#.#
#.#...##....#...#.#
#K##†#######.###..#
#.##.# ### #.##
..##.# #.# #.##'##
#.# #K#...## ##.####
.......## ##oho..#
#.......## ##.o@##.#
.........####[...##.#
.........'..)....##.#
.........###.....##.#
#.......## #.#..###.#
##.....## #.##.....#
##...## #.########
##'## #.# #.# #.#


You could see a black bear (berserk) and 3 orcs.

Vanquished Creatures
  A hornet zombie (D:5)
  A black bear (D:4)
  2 lemures (D:3)
  A hound (D:4)
  2 orc priests (D:4)
  Natasha (thrice) (D:2)
  An orc wizard (D:5)
  A hound skeleton (D:4)
  8 adders
  2 white imps
  2 worms
  4 dart slugs
  19 orcs
  4 ball pythons
  7 endoplasms
  2 giant cockroaches
  3 goblins
  11 hobgoblins
  6 jackals (D:1)
  3 quokkas
  5 bats
  3 frilled lizards
  4 kobolds
  11 rats
106 creatures vanquished.

Notes
Turn   | Place    | Note
-------+----------+-------------------------------------------
     0 | D:1      | Analysis the Merfolk Gladiator began the quest for the Orb.
     0 | D:1      | Reached XP level 1. HP: 16/16 MP: 1/1
    64 | D:1      | Reached XP level 2. HP: 23/23 MP: 2/2
   209 | D:1      | Reached skill level 5 in Polearms
   364 | D:1      | Reached XP level 3. HP: 29/29 MP: 3/3
  1046 | D:2      | Reached XP level 4. HP: 34/35 MP: 4/4
  1093 | D:2      | Noticed Natasha
  1108 | D:2      | Killed Natasha
  1109 | D:2      | Reached skill level 6 in Polearms
  1133 | D:2      | Noticed Natasha
  1139 | D:2      | Killed Natasha
  1145 | D:2      | Noticed Natasha
  1423 | D:2      | Killed Natasha
  1424 | D:2      | Reached XP level 5. HP: 24/42 MP: 5/5
  2291 | D:3      | Reached skill level 7 in Polearms
  2645 | D:4      | Noticed a black bear
  2983 | D:4      | Reached skill level 5 in Fighting
  2983 | D:4      | Reached XP level 6. HP: 48/51 MP: 6/6
  3016 | D:4      | Noticed Pikel
  3024 | D:5      | Entered Level 5 of the Dungeon
  3024 | D:5      | Noticed a two-headed ogre
  3640 | D:4      | Found a shimmering blue altar of Sif Muna.
  3685 | D:4      | Reached skill level 8 in Polearms
  4168 | D:4      | Killed a black bear
  4169 | D:4      | Reached XP level 7. HP: 57/57 MP: 7/7
  4527 | D:5      | HP: 1/57 [killer bee (2)]
  4935 | D:5      | Reached skill level 9 in Polearms
  5054 | D:4      | Blown up by an orc

Illustrated notes

Levels and vault maps discovered:
D:1:      onia_arrival_handbag, layout_rooms, item_on_display_a
D:2:      layout_loops_cross, mrwooster_statue_mirror, uniq_natasha
D:3:      layout_basic, minmay_close_crescents
D:4:      layout_loops_corners, led_sif_book, serial_rivers,
          chequers_serial_rivers_micro_c, chequers_serial_rivers_micro_c,
          chequers_serial_rivers_micro_a, chequers_serial_rivers_micro_b,
          chequers_serial_rivers_marsh, uniq_pikel
D:5:      layout_rooms, nicolae_overflow_crystal_walls,
          minmay_temple_entry_butterflies, minmay_manual_moon

Skill      XL: |  1  2  3  4  5  6  7 |
---------------+----------------------+-----
Polearms       | 5 6 7 8 9 |  9.1
Fighting       | 3 4 5 6 |  6.2
Throwing       | |  2.0
Dodging        | |  4.0

Action                   |  1- 3 |  4- 6 |  7- 9 || total
-------------------------+-------+-------+-------++-------
Melee: Trident           |   119 |   245 |    63 ||   427
Throw: Throwing net      |       |     1 |       ||     1
Evoke: Wand              |       |     8 |     5 ||    13
  Use: Scroll            |       |     5 |     4 ||     9
       Potion            |       |       |     3 ||     3
 Stab: Sleeping          |     2 |     1 |     1 ||     4
       Held in net/web   |       |     1 |       ||     1
       Distracted        |       |     1 |       ||     1
Armor: Leather armour    |     4 |       |       ||     4
       Ring mail         |    30 |    39 |    34 ||   103
Dodge: Dodged            |    52 |   112 |   101 ||   265

Table legend: (Time is in decaauts)
 A = Elapsed time spent in this place.
 B = Non-inter-level travel time spent in this place.
 C = Inter-level travel time spent in this place.
 D = Time resting spent in this place.
 E = Time spent auto-exploring this place.
 F = Levels seen in this place.
 G = Mean time per level.
                   A        B        C        D        E       F      G
               +--------+--------+--------+--------+--------+-----+--------+
         Total |   5037 |   4790 |    247 |   1683 |   1716 |   5 | 1007.4 |
       Dungeon |   5037 |   4790 |    247 |   1683 |   1716 |   5 | 1007.4 |
               +--------+--------+--------+--------+--------+-----+--------+

Top non-repeatable levels by time:
     D:4: 1967 daAuts
     D:1: 1152 daAuts
     D:2: 948 daAuts
     D:3: 723 daAuts
     D:5: 245 daAuts
